Map: Ruines d’Endion

Players

zidar

  • Race: Zerg Zerg
  • League: Gold
  • Spawn Location: 7:00

Sarge - Winner!

  • Race: Protoss Protoss
  • League: Gold
  • Spawn Location: 5:00

VOD

Have the link to the VOD?

Description

Time

  • Played on: June 11, 2016, 8:58 a.m.
  • Length: 11:39
Show
View Real Time Build Order
Export as new Build Order

zidar Zerg 

Build Orders: Hatch First 

Get SALT Encoding   

  12  0:01  Drone  
  13  0:12  Overlord  
  13  0:17  Drone  
  14  0:30  Drone  
  14  0:31  Drone  
  14  0:34  Drone  
  17  0:57  Hatchery  
  17  0:58  Drone  
  17  1:16  Spawning Pool, Drone  
  17  1:20  Extractor  
  17  1:22  Drone  
  17  1:32  Drone  
  17  1:33  Drone  
  19  1:42  Overlord  
  19  2:03  Queen  
  21  2:10  Queen  
  21  2:11  Drone x3  
  26  2:26  Zergling x4  
  26  2:27  Zergling x2  
  29  2:32  Metabolic Boost  
  29  2:39  Zergling x2  
  29  2:40  Zergling x2  
  31  3:03  Queen  
  33  3:11  Roach Warren  
  30  3:39  Pneumatized Carapace  
  29  3:51  Zergling x2  
  29  3:52  Zergling x10  
  35  4:00  Lair  
  30  4:49  Zergling x14  
  33  5:09  Hydralisk Den  
  33  5:10  Drone x4  
  33  5:13  Overlord x4  
  36  5:48  Muscular Augments  
  36  5:52  Extractor  
  36  5:56  Extractor x2  
  33  6:04  Roach  
  33  6:05  Roach x4  
  33  6:06  Zergling x14  
  50  6:23  Drone x2  
  50  6:52  Drone x3  
  53  6:55  Drone x6  
  59  7:18  Glial Reconstitution  
  59  7:27  Drone x7  
  59  7:29  Drone  
  67  7:32  Overlord x5  
  67  8:12  Hydralisk  
  67  8:13  Hatchery, Hydralisk x6  
  67  8:15  Overseer  
  59  9:07  Drone x9  
  68  9:12  Drone x5  
  73  9:24  Hydralisk  
  73  9:26  Hydralisk  
  73  9:30  Hydralisk  
  79  9:38  Queen  
  81  10:14  Drone x9  
  89  10:36  Queen  
  89  10:37  Queen  
  93  10:43  Roach x7  
  107  10:59  Evolution Chamber  
  107  11:00  Evolution Chamber  
  105  11:08  Zergling x14  
  105  11:10  Overlord x2  
  105  11:11  Overlord x3  
Show
View Real Time Build Order
Export as new Build Order

Sarge Protoss - Winner!

Build Orders: 1 Gate Expand 

Get SALT Encoding   

  12  0:02  Probe (Chrono Boost)  
  13  0:17  Probe (Chrono Boost)  
  14  0:25  Pylon  
  14  0:28  Probe (Chrono Boost)  
  15  0:44  Probe (Chrono Boost)  
  15  0:46  Gateway  
  16  0:54  Probe (Chrono Boost)  
  16  0:55  Assimilator  
  17  1:05  Probe (Chrono Boost)  
  18  1:15  Probe (Chrono Boost)  
  19  1:26  Probe (Chrono Boost)  
  20  1:34  Nexus  
  20  1:36  Probe (Chrono Boost)  
  21  1:44  Cybernetics Core  
  21  1:49  Pylon  
  21  1:54  Zealot  
  23  1:59  Assimilator  
  23  2:07  Probe (Chrono Boost)  
  24  2:18  Probe (Chrono Boost)  
  24  2:19  Pylon  
  25  2:23  Pylon  
  25  2:28  Probe (Chrono Boost)  
  26  2:32  Warp Gate (Chrono Boost)  
  26  2:37  Stalker  
  28  2:45  Gateway  
  28  3:01  Gateway, Probe  
  29  3:06  Probe  
  30  3:21  Pylon  
  30  3:26  Probe, Zealot  
  32  3:30  Probe  
  34  3:37  Probe  
  35  3:42  Probe  
  35  3:47  Probe  
  33  3:53  Zealot x2  
  38  3:58  Probe (Chrono Boost)  
  39  4:04  Pylon  
  39  4:09  Probe (Chrono Boost)  
  40  4:10  Probe (Chrono Boost)  
  41  4:19  Probe (Chrono Boost)  
  41  4:20  Zealot  
  44  4:30  Probe (Chrono Boost)  
  38  4:49  Zealot  
  38  4:50  Zealot  
  38  5:05  Pylon  
  39  5:07  Probe (Chrono Boost)  
  39  5:08  Pylon  
  39  5:10  Pylon  
  39  5:13  Gateway x2, Probe (Chrono Boost)  
  40  5:17  Probe (Chrono Boost)  
  40  5:19  Pylon  
  41  5:24  Probe (Chrono Boost)  
  41  5:26  Twilight Council  
  41  5:28  Probe (Chrono Boost)  
  43  5:37  Robotics Facility x2  
  43  5:38  Probe (Chrono Boost)  
  43  5:42  Probe (Chrono Boost)  
  45  5:49  Probe (Chrono Boost)  
  46  5:50  Gateway  
  46  5:53  Stalker  
  48  6:00  Probe (Chrono Boost)  
  52  6:04  Charge  
  49  6:07  Stalker  
  49  6:10  Probe (Chrono Boost)  
  52  6:17  Zealot  
  54  6:21  Probe (Chrono Boost)  
  52  6:55  Warp Prism  
  52  6:56  Observer  
  52  6:59  Stalker x4  
  52  7:00  Zealot  
  65  7:12  Gateway  
  65  7:14  Gateway  
  65  7:16  Gateway  
  65  7:18  Gateway  
  65  7:19  Immortal  
  65  7:20  Gateway  
  69  7:44  Dark Shrine  
  69  7:48  Templar Archives, Zealot  
  69  7:49  Zealot x4  
  79  7:51  Pylon  
  79  7:52  Pylon  
  79  8:01  Nexus  
  79  8:15  Zealot x4  
  79  8:16  Zealot  
  89  8:35  Zealot  
  89  8:36  Zealot x4  
  83  8:59  Dark Templar x4  
  83  9:00  Dark Templar  
  89  9:10  Immortal  
  94  9:17  Probe (Chrono Boost)  
  94  9:24  Assimilator  
  94  9:27  Probe (Chrono Boost)  
  94  9:29  Assimilator  
  94  9:30  Probe (Chrono Boost)  
  96  9:36  Psionic Storm  
  96  9:38  Probe (Chrono Boost)  
  97  9:41  Probe (Chrono Boost), Assimilator  
  98  9:48  Probe (Chrono Boost)  
  98  9:51  Probe (Chrono Boost)  
  98  9:52  Assimilator  
  100  9:57  Zealot  
  100  9:59  Probe (Chrono Boost)  
  103  10:02  Probe (Chrono Boost)  
  104  10:09  Probe (Chrono Boost)  
  104  10:12  Probe (Chrono Boost)  
  106  10:15  Zealot x3  
  106  10:16  Zealot x3  
  106  10:20  Probe (Chrono Boost)  
  119  10:23  Probe (Chrono Boost)  
  120  10:29  High Templar  
  120  10:30  Probe (Chrono Boost), High Templar  
  120  10:34  Archon  
  125  10:41  Pylon x2  
  125  10:42  Pylon  
  125  10:44  Pylon  
  125  10:47  Pylon  
  125  10:48  Pylon  
  125  10:58  Warp Prism  
  125  10:59  Probe x2 (Chrono Boost), Immortal  
  133  11:10  High Templar x2  
  137  11:13  Zealot x4  
  137  11:14  Zealot x3  
  151  11:31  Archon  
  151  11:32  Archon  
  141  11:35  Zealot x4  
  141  11:36  Zealot x3, Stalker  
Tags
 
Add a new tag
Caveats
  • Supply blocks, unpowered buildings, or Contaminate may cause inaccurate times.
  • Supply counts are checked every 10 seconds.